 Dungeon Crawl Stone Soup version 0.31-a0-431-g88bdf31460 (webtiles) character file.

Game seed: 11240182286991192855

346 Zonian the Ducker (level 6, -17/28 HPs)
             Began as a Felid Shapeshifter on July 31, 2023.
             Was a Follower of Dithmenos.
             Killed from afar by a steam dragon (26 damage)
             ... with a ball of steam
             ... on level 6 of the Dungeon.
             The game lasted 00:22:06 (8819 turns).

Zonian the Ducker (Felid Shapeshifter)              Turns: 8819, Time: 00:22:07

Health: -17/28     AC:  2    Str: 13    XL:     6   Next: 32%
Magic:  7/7        EV: 20    Int: 10    God:    Dithmenos [*.....]
Gold:   442        SH:  0    Dex: 16    Spells: 5/5 levels left
                                        Lives:  0   Deaths: 2

rFire   . .          .
                       - Unarmed
rCold   + . .        (shield unavailable)
rNeg    . . .        (body armour unavailable)
rPois   .            (helmet unavailable)
rElec   .            (cloak unavailable)
rCorr   .            (gloves unavailable)
SInv    +            (boots unavailable)
Will    .....        (no amulet)
Stlth   ++           f - ring of protection from cold
HPRegen 0.24/turn    (no ring)
MPRegen 0.10/turn

%: no passive effects
@: beast-form, wreathed by umbra, quick
A: beast (slay +3), very small, claws 1, fangs 3, see invisible, speed 1, shaggy
fur 2, stealthy paws, no weapons or thrown items, no armour, multi-lived
a: Begin Untransformation, Renounce Religion


You were on level 6 of the Dungeon.
You worshipped Dithmenos.
Dithmenos was aware of your devotion.
You were a hulking beast.
You visited 1 branch of the dungeon, and saw 6 of its levels.
You also visited: Ossuary.

You collected 442 gold pieces.

Inventory:

Jewellery
 f - a ring of protection from cold (left paw)
Talismans
 b - a beast talisman (active)
Wands
 c - a wand of paralysis (11)
Scrolls
 m - a scroll of teleportation
Potions
 a - a potion of invisibility
 d - a potion of might {unknown}
 k - a potion of degeneration {unknown}
 n - a potion of haste {unknown}


   Skills:
 + Level 4.2 Fighting
 + Level 6.2 Dodging
 + Level 5.2 Unarmed Combat
 + Level 5.1 Shapeshifting


You had 5 spell levels left.
You didn't know any spells.
Your spell library contained the following spells:

 Spells                   Type           Power      Damage    Failure   Level
 Lesser Beckoning         Tloc           0%         N/A       50%         2
 Gell's Gravitas          Tloc           0%         N/A       75%         3
 Teleport Other           Tloc           0%         N/A       75%         3


Dungeon Overview and Level Annotations

Branches:
Dungeon (6/15)            Ossuary (visited)
 Temple: D:4-7

Altars:
Dithmenos
Qazlal
Sif Muna
Xom
Yredelemnul
Zin
The Shining One

Annotations:
D:4 Pikel


Innate Abilities, Weirdness & Mutations

You are a hulking beast.
Your limbs bulge with bestial killing power. (Slay +3)
You have sharp claws.
You have razor-sharp teeth.
You have supernaturally acute eyesight. (SInv)
You cover ground quickly. (Speed+)
You are covered in thick fur. (AC +2)
Your paws help you pounce on unaware monsters.
You are incapable of wielding weapons or throwing items.
You cannot wear armour.
You gain extra lives every three experience levels.


Message History

You are too injured to fight recklessly!
Unknown command.
Unknown command.
You barely miss the steam dragon. The steam dragon barely misses you.
The steam dragon closely misses you.
Unknown command.
You scratch the steam dragon. Your bite misses the steam dragon.
The steam dragon is lightly wounded.
The steam dragon completely misses you. The steam dragon closely misses you.
Unknown command.
You claw the steam dragon!
The steam dragon is moderately wounded.
The steam dragon misses you. x2
Unknown command.
You scratch the steam dragon.
The steam dragon is heavily wounded.
The steam dragon misses you. x2
Unknown command.
You scratch the steam dragon.
The steam dragon is heavily wounded.
The steam dragon bites you but does no damage.
The steam dragon misses you.
Unknown command.
You scratch the steam dragon. You claw the steam dragon.
The steam dragon is severely wounded.
The steam dragon barely misses you. The steam dragon closely misses you.
Unknown command.
You scratch the steam dragon.
The steam dragon is almost dead.
Unknown command.
You scratch the steam dragon.
The steam dragon is almost dead.
The steam dragon misses you. The steam dragon claws you.
Unknown command.
You closely miss the steam dragon.
The steam dragon is almost dead.
The steam dragon breathes steam at you. The ball of steam hits you!!
Ouch! That really hurt!
You die...

#.......#.#)#.#.#.
#......#.#.#.#.#.#
#.....#.#.#.#.#.#
#....#.#.#.#.#.#
#...#.#.#.#.#.#
#....#.#.#.#.#.#
#.....#.#.#.#.#
#.....§#.#.#.#
##.....§#h#.#.#
##.....D#.#.#.
####....#.#.#
##....#.#..
##....#....
##.......##
##.....## ######


You could see a steam dragon (catching breath).

Vanquished Creatures
  4 lemures
  A bullfrog (D:6)
  2 elf zombies (Ossuary)
  2 scorpions
  4 hounds
  An orc priest (D:4)
  An iguana (D:5)
  2 mummies (Ossuary)
  Robin (D:4)
  12 gnolls
  10 adders
  2 ufetubi
  A worm (D:3)
  A dart slug (D:5)
  5 orcs
  4 bats (D:1)
  9 endoplasms
  3 giant cockroaches
  2 gnoll zombies (Ossuary)
  16 goblins
  6 hobgoblins
  4 jackals (D:4)
  8 kobolds
  A quokka (D:4)
  6 ball pythons
  2 frilled lizards
  2 goblin zombies (Ossuary)
  5 hobgoblin zombies (Ossuary)
  3 orc zombies (Ossuary)
  7 rats
127 creatures vanquished.

Notes
Turn   | Place    | Note
-------+----------+-------------------------------------------
     0 | D:1      | Zonian the Felid Shapeshifter began the quest for the Orb.
     0 | D:1      | Reached XP level 1. HP: 9/9 MP: 2/2
   120 | D:1      | Reached skill level 3 in Dodging
   121 | D:1      | Reached XP level 2. HP: 12/12 MP: 3/3
   721 | D:1      | Reached XP level 3. HP: 15/15 MP: 4/4
  1325 | D:2      | Reached XP level 4. HP: 19/19 MP: 5/5
  1502 | D:2      | Reached skill level 4 in Dodging
  1529 | D:2      | Found a shimmering blue altar of Sif Muna.
  2005 | D:3      | Reached XP level 5. HP: 16/23 MP: 6/6
  2443 | D:3      | Found a faded altar of an unknown god.
  2611 | D:3      | Identified the +8 dagger of Niazab {protect, Drain rElec
                  | rF+}
  3109 | D:4      | Found a shadowy altar of Dithmenos.
  3109 | D:4      | Found a basalt altar of Yredelemnul.
  3128 | D:4      | Became a worshipper of Dithmenos the Shadowed
  3140 | D:5      | Entered Level 5 of the Dungeon
  3152 | D:5      | Noticed a gargoyle
  3392 | D:4      | Noticed a lemure
  3394 | D:4      | Noticed Pikel
  3722 | D:4      | Noticed Robin
  3862 | D:4      | Noticed a lemure
  3870 | D:4      | Noticed a lemure
  3931 | D:3      | Gained mutation: You are covered in thick fur. (AC +2)
                  | [Felid growth]
  3931 | D:3      | Reached XP level 6. HP: 28/28 MP: 7/7
  5560 | D:4      | Killed Robin
  5980 | D:4      | Reached skill level 5 in Dodging
  6059 | D:4      | HP: 2/42 [orc priest/divine providence (17)]
  6538 | D:5      | Found a glowing silver altar of Zin.
  6539 | D:5      | Found a shimmering altar of Xom.
  6540 | D:5      | Found a glowing golden altar of the Shining One.
  6541 | D:5      | Found a stormy altar of Qazlal.
  7307 | D:5      | Reached XP level 7. HP: 14/31 MP: 8/8
  7578 | D:5      | Engulfed by a cloud of freezing vapour
  7579 | D:5      | Reached XP level 6. HP: -4/28 MP: 7/7
  7605 | D:6      | Noticed an ice beast
  7605 | D:6      | Noticed a hornet
  7605 | D:6      | Noticed a yak
  7605 | D:6      | Noticed a yak
  7605 | D:6      | Noticed a yak
  7605 | D:6      | Noticed a yak
  7611 | D:6      | Found a sand-covered staircase.
  7620 | Ossuary  | Entered an ossuary
  7943 | Ossuary  | Reached * piety under Dithmenos
  7953 | Ossuary  | Reached skill level 5 in Unarmed Combat
  8402 | D:6      | Noticed a sky beast
  8406 | D:6      | Reached skill level 6 in Dodging
  8406 | D:6      | Reached skill level 5 in Shapeshifting
  8474 | D:6      | Slain by a gnoll
  8475 | D:6      | Reached XP level 5. HP: -5/22 MP: 6/6
  8529 | D:6      | Reached XP level 6. HP: 23/28 MP: 7/7
  8805 | D:6      | Noticed a steam dragon
  8819 | D:6      | Killed from afar by a steam dragon

Illustrated notes

Levels and vault maps discovered:
D:1:      moated_graveyard_arrival, layout_basic
D:2:      layout_rooms, basic_altar
D:3:      layout_basic, dreamdust_ecumenical_altar_angels_and_demons,
          hellmonk_no_cap
D:4:      layout_basic, nicolae_overflow_hidden_temple, bh_walls_and_bars,
          uniq_pikel, uniq_robin, uniq_blork_the_orc
D:5:      lemuel_ice_spiral_2, layout_basic, mainiacjoe_overflow_alcove_3
D:6:      layout_rooms, minmay_temple_entry_drinking_statues,
          nicolae_ossuary_entry_monument, gup_sewer_entry_spiral,
          nicolae_the_louvre

Skill      XL: |  1  2  3  4  5  6 |
---------------+-------------------+-----
Dodging        | 3 4 6 |  6.2
Fighting       | 2 3 4 |  4.2
Shapeshifting  | 4 5 |  5.1
Unarmed Combat | 4 5 |  5.2

Action                     |  1- 3 |  4- 6 |  7- 9 || total
---------------------------+-------+-------+-------++-------
  Melee: Unarmed           |    67 |   314 |     2 ||   383
         Bite              |     5 |    28 |     1 ||    34
         Punch             |       |     7 |       ||     7
    Use: Scroll            |       |    16 |       ||    16
         Potion            |       |     9 |       ||     9
   Stab: Sleeping          |       |     4 |       ||     4
         Invisible         |       |     1 |       ||     1
 Armour: Skin              |    12 |   100 |       ||   112
  Dodge: Dodged            |    72 |   299 |     3 ||   374

Table legend: (Time is in decaauts)
 A = Elapsed time spent in this place.
 B = Non-inter-level travel time spent in this place.
 C = Inter-level travel time spent in this place.
 D = Time resting spent in this place.
 E = Time spent auto-exploring this place.
 F = Levels seen in this place.
 G = Mean time per level.
                   A        B        C        D        E       F      G
               +--------+--------+--------+--------+--------+-----+--------+
         Total |   8015 |   7809 |    206 |   4090 |   1897 |   7 | 1145.0 |
       Dungeon |   7280 |   7074 |    206 |   3531 |   1868 |   6 | 1213.3 |
       Ossuary |    735 |    735 |      0 |    559 |     28 |   1 |  735.0 |
               +--------+--------+--------+--------+--------+-----+--------+

Top non-repeatable levels by time:
     D:4: 2568 daAuts
     D:3: 1826 daAuts
     D:2: 1013 daAuts
     D:5: 764 daAuts
 Ossuary: 735 daAuts
     D:1: 696 daAuts
     D:6: 411 daAuts
